 Dungeon Crawl Stone Soup version 0.30.1-11-g7821555f0a (webtiles) character file.

Game seed: 6476949851362209873

4 Glitchless the Trooper (level 1, -3/11 HPs)
             Began as a Vine Stalker Berserker on Dec 9, 2023.
             Was a Follower of Trog.
             Slain by a kobold
             ... wielding a +0 whip
              (5 damage)
             ... on level 1 of the Dungeon.
             The game lasted 00:00:47 (97 turns).

Glitchless the Trooper (Vine Stalker Berserker)       Turns: 97, Time: 00:00:47

Health: -3/11      AC:  2    Str: 19    XL:     1   Next: 60%
Magic:  0/2        EV: 12    Int:  7    God:    Trog [*.....]
Gold:   0          SH:  0    Dex: 13    Spells: 0/0 levels left

rFire   . . .        a - +0 mace
rCold   . . .        (no shield)
rNeg    . . .        b - +0 animal skin
rPois   .            (no helmet)
rElec   .            (no cloak)
rCorr   .            (no gloves)
SInv    .            (no boots)
Will    .....        (no amulet)
Stlth   +            (no ring)
HPRegen 0.21/turn    (no ring)
MPRegen 0.08/turn

%: guardian spirit
@: no status effects
A: fangs 2, magic shield, antimagic bite, no potion heal 2
a: Renounce Religion, Berserk


You were on level 1 of the Dungeon.
You worshipped Trog.
Trog was aware of your devotion.
You visited 1 branch of the dungeon, and saw 1 of its levels.

Inventory:

Hand Weapons
 a - a +0 mace (weapon)
Armour
 b - a +0 animal skin (worn)


   Skills:
 * Level 2.8 Fighting
 + Level 2.7 Maces & Flails
 * Level 1.6 Armour
 * Level 1.6 Dodging


You couldn't memorise any spells.
You didn't know any spells.
Your spell library was empty.

Dungeon Overview and Level Annotations

Branches:
Dungeon (1/15)

Altars:


Innate Abilities, Weirdness & Mutations

You have extremely sharp teeth.
When hurt, damage is shared between your health and your magic reserves.
Your bite disrupts and absorbs the magic of your enemies.
Potions cannot restore your health.


Message History

No target in view!
There is an open door here.
You open the door.
There is an open door here.
You open the door.
Found 7 stones.
There is an open door here.
You open the door. You open the door. You open the door.
There is an open door here.
You open the door.
A goblin comes into view. It is wielding a +0 club.
There is an open door here.
A kobold comes into view. It is wielding a +0 whip.
The helpless goblin fails to defend itself.
You hit the goblin. You bite the goblin.
You kill the goblin!
Trog accepts your kill.
No target in view!
Things that are here:
a +0 club; a goblin corpse The kobold shouts!
The kobold throws a stone.
The stone completely misses you.
A kobold is nearby!
An endoplasm comes into view.
The kobold throws a stone.
The stone hits you but does no damage.
Found a scroll labelled ZIFETHROEXI.
The kobold barely misses you.
You barely miss the kobold. The kobold hits you but does no damage.
You closely miss the kobold. The kobold barely misses you.
You closely miss the kobold. The kobold hits you with a +0 whip.
The kobold closely misses you.
You closely miss the kobold. Your bite misses the kobold.
The endoplasm freezes you.
You are frozen.
The kobold hits you with a +0 whip.
* * * LOW HITPOINT WARNING * * *
The kobold attacks as you move away! The kobold barely misses you.
The endoplasm attacks as you move away! The endoplasm completely misses you.
The kobold attacks as you move away! The kobold hits you with a +0 whip.
You die...

.
#####'#####
#$.##...# #
#..##..##
#.###..##.##
......##.##
..........#
#.#..#).##
?.##.#.K#..+
.......J@.##
.###.#.#..#
.#..##.# ##.
#..# .#
##... # ####


You could see an endoplasm and a kobold.

Vanquished Creatures
  A giant cockroach (D:1)
  A goblin (D:1)
  2 rats (D:1)
4 creatures vanquished.

Notes
Turn   | Place    | Note
-------+----------+-------------------------------------------
     0 | D:1      | Glitchless the Vine Stalker Berserker began the quest for
                  | the Orb.
     0 | D:1      | Reached XP level 1. HP: 11/11 MP: 2/2
    97 | D:1      | Slain by a kobold

Illustrated notes

Levels and vault maps discovered:
D:1:      dpeg_arrival_prison, layout_loops_ring, ebering_ecumenical_altar_hall,
          serial_shops, nicolae_shop_rolling_square

Action                     || total
---------------------------++-------
  Melee: Mace              ||    12
         Bite              ||     4
   Stab: Sleeping          ||     2
 Armour: Animal skin       ||     4
  Dodge: Dodged            ||    10
